Workbook
Name __xlnm.Print_Area: #N/A
Name __xlnm.Print_Area_1: #REF!
Name __xlnm.Print_Area_1: #REF!
Name __xlnm.Print_Titles: #N/A
Name __xlnm.Print_Titles_1: "$#REF!.$A$#REF!:$AMF$#REF!"
Name Excel_BuiltIn_Print_Area_2_1: #REF!
Name Excel_BuiltIn_Print_Area_2_1: #REF!
Name Excel_BuiltIn_Print_Area_3_1: #REF!
Name Excel_BuiltIn_Print_Area_3_1: #REF!
Name Excel_BuiltIn_Print_Area_4_1: #REF!
Name Excel_BuiltIn_Print_Area_4_1: #REF!
Name Excel_BuiltIn_Print_Area_4_1_1: #REF!
Name Excel_BuiltIn_Print_Area_4_1_1: #REF!
Name Excel_BuiltIn_Print_Area_5_1: #REF!
Name Excel_BuiltIn_Print_Area_5_1: #REF!
Name Excel_BuiltIn_Print_Area_5_1_1: #REF!
Name Excel_BuiltIn_Print_Area_5_1_1: #REF!
Name Excel_BuiltIn_Print_Area_5_1_1_1: #REF!
Name Excel_BuiltIn_Print_Area_5_1_1_1: #REF!
Name Excel_BuiltIn_Print_Area_6_1: #REF!
Name Excel_BuiltIn_Print_Area_6_1: #REF!
Name Excel_BuiltIn_Print_Area_6_1_1: #REF!
Name Excel_BuiltIn_Print_Area_6_1_1: #REF!
Name Excel_BuiltIn_Print_Area_7_1_1: #REF!
Name Excel_BuiltIn_Print_Area_7_1_1: #REF!
Name Excel_BuiltIn_Print_Area_8_1: #REF!
Name Excel_BuiltIn_Print_Area_8_1: #REF!
Name Excel_BuiltIn_Print_Titles_3: #REF!
Name Excel_BuiltIn_Print_Titles_3: #REF!

Sheet MODELO
A1: " M O D E L O " | H1: Regime de Tributação: Lucro Real
A2: PLANILHA DE CUSTOS E FORMAÇÃO DE PREÇOS - SUPORTE OPERACIONAL
A3: Nº do processo:
A4: Licitação nº:
A5: Dia:
A7: DISCRIMINAÇÃO DOS SERVIÇOS (DADOS REFERENTES À CONTRATAÇÃO)
A8: A | B8: Data de apresentação da proposta (dia/mês/ano)
A9: B | B9: Município/UF | H9: PASSO FUNDO/RS
A10: C | B10: Ano do Acordo, Convenção ou Dissídio Coletivo | H10: SINDUSCON/PASSO FUNDO - CCT 2022-2022
A11: D | B11: Número de meses de execução contratual | H11: 12
A13: 1. MÓDULOS Mão de obra vinculada à execução contratual
A15: Dados para composição dos custos referente à mão de obra
A16: 1 | B16: Tipo de Serviço (mesmo serviço com características distintas) | I16: =A1 -> " M O D E L O "
A17: 2 | B17: Classificação Brasileira de Ocupações (CBO) | I17: XXXX-XX
A18: 3 | B18: Salário Normativo da Categoria Profissional - para a jornada de 44 h/sem | I18: 1
A19: 4 | B19: Categoria Profissional (vinculada à execução contratual) | I19: =I16 -> " M O D E L O "
A20: 5 | B20: Data-Base da Categoria (dia/mês/ano) | I20: 44562
A21: 6 | B21: Salário Mínimo Nacional (para fins de base de cálculo da insalubridade ou para limíte mínimo de renda). | I21: 1212
A22: 7 | B22: Jornada Semanal (número de horas semanais) | I22: 44
A24: Módulo 1: Composição da Remuneração
A25: 1 | B25: Composição da Remuneração | I25: Percentual (%) | J25: Valor (R$)
A26: A | B26: Salário-Base (não inferior ao salário mínimo nacional) | J26: =IF((ROUND(I18/44*I22,2))>I21,(ROUND(I18/44*I22,2)),I21) -> 1212
A27: B | B27: Adicional de Periculosidade (base de cálculo: renda, cfe. CLT) | I27: 0.3 | J27: =ROUND(I27*J26,2) -> 363.6
A28: C | B28: Adicional de Insalubridade (base de cálculo: sal. mín. nacional, cfe. CLT) | I28: 0.2 | J28: =ROUND(I28*I21,2) -> 242.4
A29: C | B29: Adicional de Insalubridade (base de cálculo: renda, cfe. CCT) | I29: 0.2 | J29: =ROUND(I29*J26,2) -> 242.4
A30: D | B30: Adicional Noturno (cálculo: Nº de horas noturnas mês x (SB/220h)+20%) | J30: =ROUND(I18/220*0.2*I30,2) -> 0
A31: E | B31: Hora Noturna Adicional (cálculo: Nº de horas noturnas mês x [(60 min-52,5 min)/60 min] x [(SB/220h+20%)+50%] | J31: =ROUND((I18/220*1.2*1.5)*(I31*(60-52.5)/60),2) -> 0
A32: F | B32: DSR - Descanso Semanal Remunerado (cálculo: 20% sobre os adicionais pertinentes) | J32: =ROUND((J31+J30)*0.2,2) -> 0
A33: G | B33: Outros (especificar)
A34: Total | J34: =SUM(J26:J33) -> 2060.4
A36: Módulo 2 – Encargos e Benefícios Anuais, Mensais e Diários
A37: Submódulo 2.1 – 13º (décimo terceiro) Salário e Adicional de Férias
A38: 2.1 | B38: 13º (décimo terceiro) Salário e Adicional de Férias | J38: Valor (R$)
A39: A | B39: 13º (décimo terceiro) Salário Obrigatória a cotação de 8,33% sobre o valor do Módulo 1 – Composição da Remuneração, conforme Anexo XII da IN 5/17 | I39: 0.0833 | J39: =ROUND($J$34*I39,2) -> 171.63
A40: B | B40: Adicional de Férias Obrigatória a cotação de 3,025% sobre o valor do Módulo 1 – Composição da Remuneração, conforme Anexo XII da IN 5/17 (Férias + Adicional = 9,075% + 3,025% = 12,10%) | I40: 0.03025 | J40: =ROUND($J$34*I40,2) -> 62.33
A41: Total | J41: =SUM(J39+J40) -> 233.96
A42: C | B42: Incidência dos encargos do Submódulo 2.2 sobre o total do Submódulo 2.1 | J42: =ROUND(I55*J41,2) -> 86.1
A43: Total | J43: =J41+J42 -> 320.06
A45: Submódulo 2.2 - Encargos Previdenciários (GPS), Fundo de Garantia por Tempo de Serviço (FGTS) e outras contribuições
A46: 2.2 | B46: GPS, FGTS e outras contribuições | I46: Percentual (%) | J46: Valor (R$)
A47: A | B47: INSS | I47: 0.2 | J47: =ROUND($J$34*I47,2) -> 412.08
A48: B | B48: Salário Educação | I48: 0.025 | J48: =ROUND($J$34*I48,2) -> 51.51
A49: C | B49: RAT x FAP | E49: RAT = | F49: 0.03 | G49: FAP = | H49: 1 | I49: =F49*H49 -> 0.03 | J49: =ROUND($J$34*I49,2) -> 61.81
A50: D | B50: SESC ou SESI | I50: 0.015 | J50: =ROUND($J$34*I50,2) -> 30.91
A51: E | B51: SENAC ou SENAI | I51: 0.01 | J51: =ROUND($J$34*I51,2) -> 20.6
A52: F | B52: SEBRAE | I52: 0.006 | J52: =ROUND($J$34*I52,2) -> 12.36
A53: G | B53: INCRA | I53: 0.002 | J53: =ROUND($J$34*I53,2) -> 4.12
A54: H | B54: FGTS | I54: 0.08 | J54: =ROUND($J$34*I54,2) -> 164.83
A55: Total | I55: =SUM(I47:I54) -> 0.368 | J55: =SUM(J47:J54) -> 758.22
A57: Submódulo 2.3 – Benefícios Mensais e Diários
A58: 2.3 | B58: Benefícios Mensais e Diários | J58: Valor (R$)
A59: A | B59: Transporte Cálculo do valor: [( 2 x VT x 22 dias ) – ( 6% x SB )] | J59: =IF(ROUND((I62*I60*I61)-(J26*0.06),2)<0,0,ROUND((I62*I60*I61)-(J26*0.06),2))*1+(I60*I61*21.726-0.06*J26)*0 -> 169.28
B60: A.1) Valor da passagem do transporte coletivo no município de prestação dos serviços: Passo Fundo/RS | I60: 5.5
B61: A.2) Quantidade de passagens por dia por empregado: | I61: 2
B62: A.3) Quantidade de dias do mês de recebimento de passagens | I62: 22
A63: B | B63: Auxílio-Refeição/Alimentação Cálculo do valor: [(VA ou VR x 22 dias) x ( 1 - contrapartida)] | J63: =ROUND(I65*I64*(1-I66),2) -> 359.61
B64: B.1) Valor do auxílio-alimentação: | I64: 20.18
B65: B.2) Quantidade de dias do mês de recebimento de auxílio-alimentação | I65: 22
B66: B.3) Contrapartida do empregado | I66: 0.19
A67: C | B67: Seguro contra riscos de acidente de trabalho | J67: 2.5
A68: D | B68: Plano de Benefício Social Familiar | J68: 17.32
A69: Total | J69: =SUM(J59:J68) -> 548.71
A71: Quadro-Resumo do Módulo 2 – Encargos e Benefícios Anuais, Mensais e Diários
A72: 2 | B72: Encargos e Benefícios Anuais, Mensais e Diários | J72: Valor (R$)
A73: 2.1 | B73: 13º (décimo terceiro) Salário e Adicional de Férias | J73: =J43 -> 320.06
A74: 2.2 | B74: GPS, FGTS e outras contribuições | J74: =J55 -> 758.22
A75: 2.3 | B75: Benefícios Mensais e Diários | J75: =J69 -> 548.71
A76: Total | J76: =SUM(J73+J74+J75) -> 1626.99
A78: Módulo 3 - Provisão para Rescisão
A79: 3 | B79: Provisão para Rescisão | J79: Valor (R$)
A80: A | B80: Aviso Prévio Indenizado Aviso-prévio indenizado Cálculo do valor = {Rem/12 + 13º/12=(Rem/12)/12 + Férias/12=(Rem/12)/12 + (1/3xFérias)/12=1/3x[(Rem/12)/12]} x (30/30=1) x 5% de rotatividade anual - Os reflexos de 13º, F e 1/3F são referentes a 1 mês de APInd - Na prorrogação, poderão ser considerados 3 dias conforme Lei nº 12.506/2011, dependendo da análise do nº de ocorrências deste evento no período | J80: =ROUND((($J$34/12)+($J$39/12)+($J$34/12/12)+($J$40/12))*(30/30)*0.05,2) -> 10.28
A81: B | B81: Incidência do FGTS sobre o Aviso Prévio Indenizado | J81: =ROUND($J$80*I54,2) -> 0.82
A82: C | B82: Multa do FGTS e contribuição social sobre o Aviso Prévio Indenizado Obrigatória a cotação de 0,24% sobre o valor do Módulo 1 – Composição da Remuneração, conforme Anexo XII da IN Seges nº 5/2017 (0,19% + 3,81% = 4,0%) - (Lei 13.932, de 11 de dezembro de 2019) | I82: 0.0019 | J82: =ROUND($J$34*I82,2) -> 3.91
A83: D | B83: Aviso Prévio Trabalhado (negociar extinção/redução na 1ª prorrogação) Cálculo do valor= [(Rem/30)x7]/12 meses do contrato. Consideramos que 10% do colaboradores são desligados nessa condição. | J83: =ROUND(((($J$34/30)*7)/$H$11)*0.1,2) -> 4.01
A84: E | B84: Incidência dos encargos do Submódulo 2.2 sobre o Aviso Prévio Trabalhado | J84: =ROUND($I$55*J83,2) -> 1.48
A85: F | B85: Multa do FGTS e contribuição social sobre o Aviso Prévio Trabalhado Obrigatória a cotação de 4,76% sobre o valor do Módulo 1 – Composição da Remuneração, conforme Anexo XII da IN Seges nº 5/2017 (3,81%+0,19% = 4,0%) - (Lei 13.932, de 11 de dezembro de 2019) | I85: 0.0381 | J85: =ROUND($J$34*I85,2) -> 78.5
A86: Total | J86: =SUM(J80:J85) -> 99
A88: Módulo 4 - Custo de Reposição do Profissional Ausente
A89: Base de cálculo para o Custo de Reposição do Profissional Ausente (substituto): BCCPA = Rem + 13º + Férias + 1/3Férias | J89: =J92+J34+J39+J40 -> 2481.34
A91: 4.1 | B91: Ausências Legais | J91: Valor (R$)
A92: A | B92: Férias | I92: 0.09075 | J92: =ROUND(($J$34*I92),2) -> 186.98
A93: B | B93: Ausências Legais Cálculo do valor = [(BCCPA/30)x2,96dias]/12 | J93: =ROUND((($J$89/30)*2.96)/12,2) -> 20.4
A94: C | B94: Licença-Paternidade Cálculo do valor = {[(BCCPA/30)x5dias]/12}x1,5% | J94: =ROUND((($J$89/30)*5)/12*0.015,2) -> 0.52
A95: D | B95: Ausência por acidente de trabalho Cálculo do valor = {[(BCCPA/30)x15dias]/12}x0,78% | J95: =ROUND(((($J$89/30)*15)/12)*0.0078,2) -> 0.81
A96: E | B96: Afastamento Maternidade Cálculo do valor = {[(Rem+1/3Rem)/12]x(4/12)}x2% | J96: =ROUND(((($J$34+$J$34/3)*4/12)/12)*0.02,2) -> 1.53
A97: F | B97: (Outros) Ausência por doença Cálculo do valor = [(BCCPA)/30)x5dias]/12 | J97: =ROUND(((($J$89/30)*5)/12),2) -> 34.46
A98: Total | J98: =SUM(J92:J97) -> 244.7
A99: G | B99: Incidência dos encargos do Submódulo 2.2 sobre o total do Submódulo 4.1 | J99: =ROUND(I55*J98,2) -> 90.05
A100: Total | J100: =SUM(J98:J99) -> 334.75
A101: Submódulo 4.2 – Intrajornada
A102: 4.2 | B102: Intrajornada | J102: Valor (R$)
A103: A | B103: Intervalo para repouso ou alimentação | J103: 0
A104: Total | J104: 0
A105: B | B105: Incidência dos encargos do Submódulo 2.2 sobre o total do Submódulo 4.2 | J105: =ROUND(I55*J104,2) -> 0
A106: Total | J106: =SUM(J104:J105) -> 0
A108: Quadro-Resumo do Módulo 4 – Custo de Reposição do Profissional Ausente
A109: 4 | B109: Custo de Reposição do Profissional Ausente | J109: Valor (R$)
A110: 4.1 | B110: Ausências Legais | J110: =J100 -> 334.75
A111: 4.2 | B111: Intrajornada | J111: =J106 -> 0
A112: Total | J112: =SUM(J110+J111) -> 334.75
...

Sheet TILS 20H - PF
A1: TRADUTOR/INTERPRETE DE LIBRAS - 20H/SEMANA | H1: Regime de Tributação: Lucro Real
A2: PLANILHA DE CUSTOS E FORMAÇÃO DE PREÇOS
A3: Nº do processo:
A4: Licitação nº:
A5: Dia:
A7: DISCRIMINAÇÃO DOS SERVIÇOS (DADOS REFERENTES À CONTRATAÇÃO)
A8: A | B8: Data de apresentação da proposta (dia/mês/ano)
A9: B | B9: Município/UF | G9: PASSO FUNDO/RS
A10: C | B10: Ano do Acordo, Convenção ou Dissídio Coletivo (Conforme critério disposto no item 4.14 do Termo de Referência, deverá ser informado o ano e a Convenção Coletiva de Trabalho a qual a empresa licitante/contratada se vincula por sua atividade principal, na forma do art. 92, V e X, da Lei n.º 14.133, de 2021. Nesta licitação, a Administração tomou por base a data base da Convenção Coletiva de Trabalho do Sindasseio, pelo critério de ser a Convenção adotada pela maioria dos postos terceirizados atualmente contratados. No entanto, a empresa licitante/contratada DEVERÁ considerar o sindicato ao qual se vincula, considerando sua atividade principal, conforme item 4.14 do Termo de Referência. | G10: CCT 2023-2023 Nº REGISTRO M.T.E.: RS000050/2023 SIND. EMPRESAS - CNPJ: 87.078.325/0001-75 SIND. TRABALHADORES - CNPJ: 10.141.903/0001-46
A11: D | B11: Número de meses de execução contratual | G11: 60
A13: 1. MÓDULOS Mão de obra vinculada à execução contratual
A15: Dados para composição dos custos referente à mão de obra
A16: 1 | B16: Tipo de Serviço (mesmo serviço com características distintas) | I16: =A1 -> TRADUTOR/INTERPRETE DE LIBRAS - 20H/SEMANA
A17: 2 | B17: Classificação Brasileira de Ocupações (CBO) | I17: 2614-25
A18: 3 | B18: Salário para a jornada de 20 h/semais (Conforme critério dis disposto no item 4.13 do Termo de Referência, a remuração inicial do posto será considerada publicada pela FEBRAPILS para a Educação Básica e Técnica para 20 horas semanais. A repactuação do salário será com base no percentual mínimo de reajuste informado pela CCT do sindicato a qual a empresa licitante/contratada se vincula, na forma do art. 92, V e X, da Lei n.º 14.133, de 2021. Portanto, em conformidade com o item 4.13 do Termo de Referência, o valor inicial informado neste campo DEVE SER MINIMAMENTE DE R$ 2.016,00. | I18: 2016
A19: 4 | B19: Categoria Profissional (vinculada à execução contratual) | I19: =I16 -> TRADUTOR/INTERPRETE DE LIBRAS - 20H/SEMANA
A20: 5 | B20: Data-Base da Categoria (dia/mês/ano) (Conforme critério disposto no item 4.14 do Termo de Referência, a data base do posto contratado seguirá a data base informada na Convenção Coletiva de Trabalho - CCT a qual a empresa licitante/contratada se vincula por sua atividade principal. Nesta licitação, a Administração Pública tomou por base a data base da Convenção Coletiva de Trabalho do Sindasseio, pelo critério de ser a Convenção adotada pela maioria dos postos atualmente contratados pelo Campus Passo Fundo, exceto vigilanges. No entanto, a empresa licitante/contratada DEVERÁ considerar a data base do sindicato ao qual se vincula, considerando sua atividade principal, conforme item 4.14 do Termo de Referência. | I20: 44927
A21: 6 | B21: Salário Mínimo Nacional (para fins de base de cálculo da insalubridade ou para limíte mínimo de renda). | I21: 1320
A22: 7 | B22: Jornada Semanal (número de horas semanais) | I22: 20
A24: Módulo 1: Composição da Remuneração
A25: 1 | B25: Composição da Remuneração | I25: Percentual (%) | J25: Valor (R$)
A26: A | B26: Salário-Base (não inferior ao salário mínimo nacional) | J26: =IF((ROUND(I18/20*I22,2))>I21,(ROUND(I18/20*I22,2)),I21) -> 2016
A27: B | B27: Adicional de Periculosidade (cálculo: renda, cfe. CLT) | J27: =ROUND(I27*J26,2) -> 0
A28: C | B28: Adicional de Insalubridade (cálculo: sal. mín. nacional, cfe. CLT) | J28: =ROUND(I28*I21,2) -> 0
A29: C | B29: Adicional de Insalubridade (cálculo: renda, cfe. CCT) | J29: =ROUND(I29*J26,2) -> 0
A30: D | B30: Adicional Noturno (cálculo: Nº de horas noturnas mês x (SB/220h)+20%) | J30: =ROUND(I18/220*0.2*I30,2) -> 0
A31: E | B31: Hora Noturna Adicional (cálculo: Nº de horas noturnas mês x [(60 min-52,5 min)/60 min] x [(SB/220h+20%)+50%] | J31: =ROUND((I18/220*1.2*1.5)*(I31*(60-52.5)/60),2) -> 0
A32: F | B32: DSR - Descanso Semanal Remunerado (cálculo: 20% sobre os adicionais pertinentes) | J32: =ROUND((J31+J30)*0.2,2) -> 0
A33: G | B33: Outros (especificar)
A34: Total | J34: =SUM(J26:J33) -> 2016
A36: Módulo 2 – Encargos e Benefícios Anuais, Mensais e Diários
A37: Submódulo 2.1 – 13º (décimo terceiro) Salário e Adicional de Férias
A38: 2.1 | B38: 13º (décimo terceiro) Salário e Adicional de Férias | J38: Valor (R$)
A39: A | B39: 13º (décimo terceiro) Salário Obrigatória a cotação de 8,33% sobre o valor do Módulo 1 – Composição da Remuneração, conforme Anexo XII da IN 5/17 | I39: 0.0833 | J39: =ROUND($J$34*I39,2) -> 167.93
A40: B | B40: Adicional de Férias Obrigatória a cotação de 3,025% sobre o valor do Módulo 1 – Composição da Remuneração, conforme Anexo XII da IN 5/17 (Férias + Adicional = 9,075% + 3,025% = 12,10%) | I40: 0.03025 | J40: =ROUND($J$34*I40,2) -> 60.98
A41: Total | J41: =SUM(J39+J40) -> 228.91
A42: C | B42: Incidência dos encargos do Submódulo 2.2 sobre o total do Submódulo 2.1 | J42: =ROUND(I55*J41,2) -> 84.24
A43: Total | J43: =J41+J42 -> 313.15
A45: Submódulo 2.2 - Encargos Previdenciários (GPS), Fundo de Garantia por Tempo de Serviço (FGTS) e outras contribuições
A46: 2.2 | B46: GPS, FGTS e outras contribuições | I46: Percentual (%) | J46: Valor (R$)
A47: A | B47: INSS | I47: 0.2 | J47: =ROUND($J$34*I47,2) -> 403.2
A48: B | B48: Salário Educação | I48: 0.025 | J48: =ROUND($J$34*I48,2) -> 50.4
A49: C | B49: RAT x FAP | E49: RAT = | F49: 0.03 | G49: FAP = | H49: 1 | I49: =F49*H49 -> 0.03 | J49: =ROUND($J$34*I49,2) -> 60.48
A50: D | B50: SESC ou SESI | I50: 0.015 | J50: =ROUND($J$34*I50,2) -> 30.24
A51: E | B51: SENAC ou SENAI | I51: 0.01 | J51: =ROUND($J$34*I51,2) -> 20.16
A52: F | B52: SEBRAE | I52: 0.006 | J52: =ROUND($J$34*I52,2) -> 12.1
A53: G | B53: INCRA | I53: 0.002 | J53: =ROUND($J$34*I53,2) -> 4.03
A54: H | B54: FGTS | I54: 0.08 | J54: =ROUND($J$34*I54,2) -> 161.28
A55: Total | I55: =SUM(I47:I54) -> 0.368 | J55: =SUM(J47:J54) -> 741.89
A57: Submódulo 2.3 – Benefícios Mensais e Diários
A58: 2.3 | B58: Benefícios Mensais e Diários | J58: Valor (R$)
A59: A | B59: Transporte Cálculo do valor: [( 2 x VT x 21 dias ) – ( 6% x SB )] | J59: =IF(ROUND((I62*I60*I61)-(J26*0.06),2)<0,0,ROUND((I62*I60*I61)-(J26*0.06),2)) -> 110.04
B60: A.1) Valor da passagem do transporte coletivo no município de prestação dos serviços: Passo Fundo/RS (Conforme (critério dis disposto no item 4.15 do Termo de Referência, deverá ser informada a Convenção Coletiva de Trabalho a qual a empresa licitante/contratada se vincula por sua atividade principal, na forma do art. 92, V e X, da Lei n.º 14.133, de 2021. Para este campo a Administração tomou por base a CCT do Sinsasseio 2023/2023, a qual estipula em sua Cláusula Vigésima o fornecimento de vale-tranporte e a contrapartida de 6% do empregado). | I60: 5.5
B61: A.2) Quantidade de passagens por dia por empregado: | I61: 2
B62: A.3) Quantidade de dias do mês de recebimento de passagens | I62: 21
A63: B | B63: Auxílio-Refeição/Alimentação Cálculo do valor: [(VA ou VR x 21 dias) x ( 1 - contrapartida)] | J63: =ROUND(I65*I64*(1-I66),2) -> 187.11
B64: B.1) Valor do auxílio-alimentação: (Conforme critério dis disposto no item 4.15 do Termo de Referência, deverá ser informada a Convenção Coletiva de Trabalho a qual a empresa licitante/contratada se vincula por sua atividade principal, na forma do art. 92, V e X, da Lei n.º 14.133, de 2021. Para este campo a Administração tomou por base a CCT do Sinsasseio 2023/2023, a qual estipula em sua Cláusula Décima-Oitava o valor do Auxilio Alimentação/Refeição em R$ 22,00). | I64: 11
B65: B.2) Quantidade de dias do mês de recebimento de auxílio-alimentação | I65: 21
B66: B.3) Contrapartida do empregado: (Conforme critério dis disposto no item 4.15 do Termo de Referência, deverá ser informada a Convenção Coletiva de Trabalho a qual a empresa licitante/contratada se vincula por sua atividade principal, na forma do art. 92, V e X, da Lei n.º 14.133, de 2021. Para este campo a Administração tomou por base a CCT do Sinsasseio 2023/2023, a qual estipula em sua Cláusula Décima-Nona a contraparida de desconto do empregado em 19%). | I66: 0.19
A67: C | B67: Seguro contra riscos de acidente de trabalho | J67: 2.5
A68: D | B68: Outros - Plano de Benefício Social Familiar: (Conforme critério dis disposto no item 4.15 do Termo de Referência, deverá ser informada a Convenção Coletiva de Trabalho a qual a empresa licitante/contratada se vincula por sua atividade principal, na forma do art. 92, V e X, da Lei n.º 14.133, de 2021. Para este campo a Administração tomou por base a CCT do Sinsasseio 2023/2023, a qual estipula em sua Cláusula Vigésima-Nona o pagamento de um plano de benefícios familiar). | J68: 18.5
A69: Total | J69: =SUM(J59:J68) -> 318.15
A71: Quadro-Resumo do Módulo 2 – Encargos e Benefícios Anuais, Mensais e Diários
A72: 2 | B72: Encargos e Benefícios Anuais, Mensais e Diários | J72: Valor (R$)
A73: 2.1 | B73: 13º (décimo terceiro) Salário e Adicional de Férias | J73: =J43 -> 313.15
A74: 2.2 | B74: GPS, FGTS e outras contribuições | J74: =J55 -> 741.89
A75: 2.3 | B75: Benefícios Mensais e Diários | J75: =J69 -> 318.15
A76: Total | J76: =SUM(J73+J74+J75) -> 1373.19
A78: Módulo 3 - Provisão para Rescisão
A79: 3 | B79: Provisão para Rescisão | J79: Valor (R$)
A80: A | B80: Aviso Prévio Indenizado Aviso-prévio indenizado Cálculo do valor = {Rem/12 + 13º/12=(Rem/12)/12 + Férias/12=(Rem/12)/12 + (1/3xFérias)/12=1/3x[(Rem/12)/12]} x (30/30=1) x 5% de rotatividade anual - Os reflexos de 13º, F e 1/3F são referentes a 1 mês de APInd - Na prorrogação, poderão ser considerados 3 dias conforme Lei nº 12.506/2011, dependendo da análise do nº de ocorrências deste evento no período | J80: =ROUND((($J$34/12)+($J$39/12)+($J$34/12/12)+($J$40/12))*(30/30)*0.05,2) -> 10.05
A81: B | B81: Incidência do FGTS sobre o Aviso Prévio Indenizado | J81: =ROUND($J$80*I54,2) -> 0.8
A82: C | B82: Multa do FGTS e contribuição social sobre o Aviso Prévio Indenizado Obrigatória a cotação de 0,24% sobre o valor do Módulo 1 – Composição da Remuneração, conforme Anexo XII da IN Seges nº 5/2017 (0,19% + 3,81% = 4,0%) - (Lei 13.932, de 11 de dezembro de 2019) | I82: 0.0019 | J82: =ROUND($J$34*I82,2) -> 3.83
A83: D | B83: Aviso Prévio Trabalhado (negociar extinção/redução na 1ª prorrogação) Cálculo do valor= [(Rem/30)x7]/meses do contrato. Consideramos que 10% do colaboradores são desligados nessa condição. | J83: =ROUND(((($J$34/30)*7)/$G$11)*0.1,2) -> 0.78
A84: E | B84: Incidência dos encargos do Submódulo 2.2 sobre o Aviso Prévio Trabalhado | J84: =ROUND($I$55*J83,2) -> 0.29
A85: F | B85: Multa do FGTS e contribuição social sobre o Aviso Prévio Trabalhado Obrigatória a cotação de 4,76% sobre o valor do Módulo 1 – Composição da Remuneração, conforme Anexo XII da IN Seges nº 5/2017 (3,81%+0,19% = 4,0%) - (Lei 13.932, de 11 de dezembro de 2019) | I85: 0.0381 | J85: =ROUND($J$34*I85,2) -> 76.81
A86: Total | J86: =SUM(J80:J85) -> 92.56
A88: Módulo 4 - Custo de Reposição do Profissional Ausente
A89: Base de cálculo para o Custo de Reposição do Profissional Ausente (substituto): BCCPA = Rem + 13º + Férias + 1/3Férias | J89: =J92+J34+J39+J40 -> 2244.91
A91: 4.1 | B91: Ausências Legais | J91: Valor (R$)
A92: A | B92: Férias | I92: 0 | J92: =ROUND(($J$34*I92),2) -> 0
A93: B | B93: Ausências Legais Cálculo do valor = [(BCCPA/30)x2,96dias]/12 | J93: =ROUND((($J$89/30)*2.96)/12,2) -> 18.46
A94: C | B94: Licença-Paternidade Cálculo do valor = {[(BCCPA/30)x5dias]/12}x1,5% | J94: =ROUND((($J$89/30)*5)/12*0.015,2) -> 0.47
A95: D | B95: Ausência por acidente de trabalho Cálculo do valor = {[(BCCPA/30)x15dias]/12}x0,78% | J95: =ROUND(((($J$89/30)*15)/12)*0.0078,2) -> 0.73
A96: E | B96: Afastamento Maternidade Cálculo do valor = {[(Rem+1/3Rem)/12]x(4/12)}x2% | J96: =ROUND(((($J$34+$J$34/3)*4/12)/12)*0.02,2) -> 1.49
A97: F | B97: (Outros) Ausência por doença Cálculo do valor = [(BCCPA)/30)x5dias]/12 | J97: =ROUND(((($J$89/30)*5)/12),2) -> 31.18
A98: Total | J98: =SUM(J92:J97) -> 52.33
A99: G | B99: Incidência dos encargos do Submódulo 2.2 sobre o total do Submódulo 4.1 | J99: =ROUND(I55*J98,2) -> 19.26
A100: Total | J100: =SUM(J98:J99) -> 71.59
A101: Submódulo 4.2 – Intrajornada
A102: 4.2 | B102: Intrajornada | J102: Valor (R$)
A103: A | B103: Intervalo para repouso ou alimentação | J103: 0
A104: Total | J104: 0
A105: B | B105: Incidência dos encargos do Submódulo 2.2 sobre o total do Submódulo 4.2 | J105: =ROUND(I55*J104,2) -> 0
A106: Total | J106: =SUM(J104:J105) -> 0
A108: Quadro-Resumo do Módulo 4 – Custo de Reposição do Profissional Ausente
A109: 4 | B109: Custo de Reposição do Profissional Ausente | J109: Valor (R$)
A110: 4.1 | B110: Ausências Legais | J110: =J100 -> 71.59
A111: 4.2 | B111: Intrajornada | J111: =J106 -> 0
A112: Total | J112: =SUM(J110+J111) -> 71.59
...

Sheet TILS 40H - PF
A1: TRADUTOR/INTERPRETE DE LIBRAS - 40H/SEMANA | H1: Regime de Tributação: Lucro Real
A2: PLANILHA DE CUSTOS E FORMAÇÃO DE PREÇOS
A3: Nº do processo:
A4: Licitação nº:
A5: Dia:
A7: DISCRIMINAÇÃO DOS SERVIÇOS (DADOS REFERENTES À CONTRATAÇÃO)
A8: A | B8: Data de apresentação da proposta (dia/mês/ano)
A9: B | B9: Município/UF | G9: PASSO FUNDO/RS
A10: C | B10: Ano do Acordo, Convenção ou Dissídio Coletivo (Conforme critério disposto no item 4.14 do Termo de Referência, deverá ser informado o ano e a Convenção Coletiva de Trabalho a qual a empresa licitante/contratada se vincula por sua atividade principal, na forma do art. 92, V e X, da Lei n.º 14.133, de 2021. Nesta licitação, a Administração tomou por base a data base da Convenção Coletiva de Trabalho do Sindasseio, pelo critério de ser a Convenção adotada pela maioria dos postos terceirizados atualmente contratados. No entanto, a empresa licitante/contratada DEVERÁ considerar o sindicato ao qual se vincula, considerando sua atividade principal, conforme item 4.14 do Termo de Referência. | G10: CCT 2023-2023 Nº REGISTRO M.T.E.: RS000050/2023 SIND. EMPRESAS - CNPJ: 87.078.325/0001-75 SIND. TRABALHADORES - CNPJ: 10.141.903/0001-46
A11: D | B11: Número de meses de execução contratual | G11: 60
A13: 1. MÓDULOS Mão de obra vinculada à execução contratual
A15: Dados para composição dos custos referente à mão de obra
A16: 1 | B16: Tipo de Serviço (mesmo serviço com características distintas) | I16: =A1 -> TRADUTOR/INTERPRETE DE LIBRAS - 40H/SEMANA
A17: 2 | B17: Classificação Brasileira de Ocupações (CBO) | I17: 2614-25
A18: 3 | B18: Salário para a jornada de 20 h/semais (Conforme critério dis disposto no item 4.13 do Termo de Referência, a remuração inicial do posto será considerada publicada pela FEBRAPILS para a Educação Básica e Técnica para 20 horas semanais. A repactuação do salário será com base no percentual mínimo de reajuste informado pela CCT do sindicato a qual a empresa licitante/contratada se vincula, na forma do art. 92, V e X, da Lei n.º 14.133, de 2021. Portanto, em conformidade com o item 4.13 do Termo de Referência, o valor inicial informado neste campo DEVE SER MINIMAMENTE DE R$ 2.016,00. | I18: ='TILS 20H - PF'!I18:J18 -> 2016
A19: 4 | B19: Categoria Profissional (vinculada à execução contratual) | I19: =I16 -> TRADUTOR/INTERPRETE DE LIBRAS - 40H/SEMANA
A20: 5 | B20: Data-Base da Categoria (dia/mês/ano) (Conforme critério disposto no item 4.14 do Termo de Referência, a data base do posto contratado seguirá a data base informada na Convenção Coletiva de Trabalho - CCT a qual a empresa licitante/contratada se vincula por sua atividade principal. Nesta licitação, a Administração Pública tomou por base a data base da Convenção Coletiva de Trabalho do Sindasseio, pelo critério de ser a Convenção adotada pela maioria dos postos atualmente contratados pelo Campus Passo Fundo, exceto vigilanges. No entanto, a empresa licitante/contratada DEVERÁ considerar a data base do sindicato ao qual se vincula, considerando sua atividade principal, conforme item 4.14 do Termo de Referência. | I20: 44927
A21: 6 | B21: Salário Mínimo Nacional (para fins de base de cálculo da insalubridade ou para limíte mínimo de renda). | I21: 1320
A22: 7 | B22: Jornada Semanal (número de horas semanais) | I22: 40
A24: Módulo 1: Composição da Remuneração
A25: 1 | B25: Composição da Remuneração | I25: Percentual (%) | J25: Valor (R$)
A26: A | B26: Salário-Base (não inferior ao salário mínimo nacional) | J26: =IF((ROUND(I18/20*I22,2))>I21,(ROUND(I18/20*I22,2)),I21) -> 4032
A27: B | B27: Adicional de Periculosidade (cálculo: renda, cfe. CLT) | J27: =ROUND(I27*J26,2) -> 0
A28: C | B28: Adicional de Insalubridade (cálculo: sal. mín. nacional, cfe. CLT) | J28: =ROUND(I28*I21,2) -> 0
A29: C | B29: Adicional de Insalubridade (cálculo: renda, cfe. CCT) | J29: =ROUND(I29*J26,2) -> 0
A30: D | B30: Adicional Noturno (cálculo: Nº de horas noturnas mês x (SB/220h)+20%) | J30: =ROUND(I18/220*0.2*I30,2) -> 0
A31: E | B31: Hora Noturna Adicional (cálculo: Nº de horas noturnas mês x [(60 min-52,5 min)/60 min] x [(SB/220h+20%)+50%] | J31: =ROUND((I18/220*1.2*1.5)*(I31*(60-52.5)/60),2) -> 0
A32: F | B32: DSR - Descanso Semanal Remunerado (cálculo: 20% sobre os adicionais pertinentes) | J32: =ROUND((J31+J30)*0.2,2) -> 0
A33: G | B33: Outros (especificar)
A34: Total | J34: =SUM(J26:J33) -> 4032
A36: Módulo 2 – Encargos e Benefícios Anuais, Mensais e Diários
A37: Submódulo 2.1 – 13º (décimo terceiro) Salário e Adicional de Férias
A38: 2.1 | B38: 13º (décimo terceiro) Salário e Adicional de Férias | J38: Valor (R$)
A39: A | B39: 13º (décimo terceiro) Salário Obrigatória a cotação de 8,33% sobre o valor do Módulo 1 – Composição da Remuneração, conforme Anexo XII da IN 5/17 | I39: 0.0833 | J39: =ROUND($J$34*I39,2) -> 335.87
A40: B | B40: Adicional de Férias Obrigatória a cotação de 3,025% sobre o valor do Módulo 1 – Composição da Remuneração, conforme Anexo XII da IN 5/17 (Férias + Adicional = 9,075% + 3,025% = 12,10%) | I40: 0.03025 | J40: =ROUND($J$34*I40,2) -> 121.97
A41: Total | J41: =SUM(J39+J40) -> 457.84
A42: C | B42: Incidência dos encargos do Submódulo 2.2 sobre o total do Submódulo 2.1 | J42: =ROUND(I55*J41,2) -> 168.49
A43: Total | J43: =J41+J42 -> 626.33
A45: Submódulo 2.2 - Encargos Previdenciários (GPS), Fundo de Garantia por Tempo de Serviço (FGTS) e outras contribuições
A46: 2.2 | B46: GPS, FGTS e outras contribuições | I46: Percentual (%) | J46: Valor (R$)
A47: A | B47: INSS | I47: 0.2 | J47: =ROUND($J$34*I47,2) -> 806.4
A48: B | B48: Salário Educação | I48: 0.025 | J48: =ROUND($J$34*I48,2) -> 100.8
A49: C | B49: RAT x FAP | E49: RAT = | F49: 0.03 | G49: FAP = | H49: 1 | I49: =F49*H49 -> 0.03 | J49: =ROUND($J$34*I49,2) -> 120.96
A50: D | B50: SESC ou SESI | I50: 0.015 | J50: =ROUND($J$34*I50,2) -> 60.48
A51: E | B51: SENAC ou SENAI | I51: 0.01 | J51: =ROUND($J$34*I51,2) -> 40.32
A52: F | B52: SEBRAE | I52: 0.006 | J52: =ROUND($J$34*I52,2) -> 24.19
A53: G | B53: INCRA | I53: 0.002 | J53: =ROUND($J$34*I53,2) -> 8.06
A54: H | B54: FGTS | I54: 0.08 | J54: =ROUND($J$34*I54,2) -> 322.56
A55: Total | I55: =SUM(I47:I54) -> 0.368 | J55: =SUM(J47:J54) -> 1483.77
A57: Submódulo 2.3 – Benefícios Mensais e Diários
A58: 2.3 | B58: Benefícios Mensais e Diários | J58: Valor (R$)
A59: A | B59: Transporte Cálculo do valor: [( 2 x VT x 21 dias ) – ( 6% x SB )] | J59: =IF(ROUND((I62*I60*I61)-(J26*0.06),2)<0,0,ROUND((I62*I60*I61)-(J26*0.06),2)) -> 0
B60: A.1) Valor da passagem do transporte coletivo no município de prestação dos serviços: Passo Fundo/RS (Conforme (critério dis disposto no item 4.15 do Termo de Referência, deverá ser informada a Convenção Coletiva de Trabalho a qual a empresa licitante/contratada se vincula por sua atividade principal, na forma do art. 92, V e X, da Lei n.º 14.133, de 2021. Para este campo a Administração tomou por base a CCT do Sinsasseio 2023/2023, a qual estipula em sua Cláusula Vigésima o fornecimento de vale-tranporte e a contrapartida de 6% do empregado). | I60: 5.5
B61: A.2) Quantidade de passagens por dia por empregado: | I61: 2
B62: A.3) Quantidade de dias do mês de recebimento de passagens | I62: 21
A63: B | B63: Auxílio-Refeição/Alimentação Cálculo do valor: [(VA ou VR x 21 dias) x ( 1 - contrapartida)] | J63: =ROUND(I65*I64*(1-I66),2) -> 374.22
B64: B.1) Valor do auxílio-alimentação: (Conforme critério dis disposto no item 4.15 do Termo de Referência, deverá ser informada a Convenção Coletiva de Trabalho a qual a empresa licitante/contratada se vincula por sua atividade principal, na forma do art. 92, V e X, da Lei n.º 14.133, de 2021. Para este campo a Administração tomou por base a CCT do Sinsasseio 2023/2023, a qual estipula em sua Cláusula Décima-Oitava o valor do Auxilio Alimentação/Refeição em R$ 22,00). | I64: 22
B65: B.2) Quantidade de dias do mês de recebimento de auxílio-alimentação | I65: 21
B66: B.3) Contrapartida do empregado: (Conforme critério dis disposto no item 4.15 do Termo de Referência, deverá ser informada a Convenção Coletiva de Trabalho a qual a empresa licitante/contratada se vincula por sua atividade principal, na forma do art. 92, V e X, da Lei n.º 14.133, de 2021. Para este campo a Administração tomou por base a CCT do Sinsasseio 2023/2023, a qual estipula em sua Cláusula Décima-Nona a contraparida de desconto do empregado em 19%). | I66: 0.19
A67: C | B67: Seguro contra riscos de acidente de trabalho | J67: 2.5
A68: D | B68: Outros - Plano de Benefício Social Familiar: (Conforme critério dis disposto no item 4.15 do Termo de Referência, deverá ser informada a Convenção Coletiva de Trabalho a qual a empresa licitante/contratada se vincula por sua atividade principal, na forma do art. 92, V e X, da Lei n.º 14.133, de 2021. Para este campo a Administração tomou por base a CCT do Sinsasseio 2023/2023, a qual estipula em sua Cláusula Vigésima-Nona o pagamento de um plano de benefícios familiar). | J68: 18.5
A69: Total | J69: =SUM(J59:J68) -> 395.22
A71: Quadro-Resumo do Módulo 2 – Encargos e Benefícios Anuais, Mensais e Diários
A72: 2 | B72: Encargos e Benefícios Anuais, Mensais e Diários | J72: Valor (R$)
A73: 2.1 | B73: 13º (décimo terceiro) Salário e Adicional de Férias | J73: =J43 -> 626.33
A74: 2.2 | B74: GPS, FGTS e outras contribuições | J74: =J55 -> 1483.77
A75: 2.3 | B75: Benefícios Mensais e Diários | J75: =J69 -> 395.22
A76: Total | J76: =SUM(J73+J74+J75) -> 2505.32
A78: Módulo 3 - Provisão para Rescisão
A79: 3 | B79: Provisão para Rescisão | J79: Valor (R$)
A80: A | B80: Aviso Prévio Indenizado Aviso-prévio indenizado Cálculo do valor = {Rem/12 + 13º/12=(Rem/12)/12 + Férias/12=(Rem/12)/12 + (1/3xFérias)/12=1/3x[(Rem/12)/12]} x (30/30=1) x 5% de rotatividade anual - Os reflexos de 13º, F e 1/3F são referentes a 1 mês de APInd - Na prorrogação, poderão ser considerados 3 dias conforme Lei nº 12.506/2011, dependendo da análise do nº de ocorrências deste evento no período | J80: =ROUND((($J$34/12)+($J$39/12)+($J$34/12/12)+($J$40/12))*(30/30)*0.05,2) -> 20.11
A81: B | B81: Incidência do FGTS sobre o Aviso Prévio Indenizado | J81: =ROUND($J$80*I54,2) -> 1.61
A82: C | B82: Multa do FGTS e contribuição social sobre o Aviso Prévio Indenizado Obrigatória a cotação de 0,24% sobre o valor do Módulo 1 – Composição da Remuneração, conforme Anexo XII da IN Seges nº 5/2017 (0,19% + 3,81% = 4,0%) - (Lei 13.932, de 11 de dezembro de 2019) | I82: 0.0019 | J82: =ROUND($J$34*I82,2) -> 7.66
A83: D | B83: Aviso Prévio Trabalhado (negociar extinção/redução na 1ª prorrogação) Cálculo do valor= [(Rem/30)x7]/meses do contrato. Consideramos que 10% do colaboradores são desligados nessa condição. | J83: =ROUND(((($J$34/30)*7)/$G$11)*0.1,2) -> 1.57
A84: E | B84: Incidência dos encargos do Submódulo 2.2 sobre o Aviso Prévio Trabalhado | J84: =ROUND($I$55*J83,2) -> 0.58
A85: F | B85: Multa do FGTS e contribuição social sobre o Aviso Prévio Trabalhado Obrigatória a cotação de 4,76% sobre o valor do Módulo 1 – Composição da Remuneração, conforme Anexo XII da IN Seges nº 5/2017 (3,81%+0,19% = 4,0%) - (Lei 13.932, de 11 de dezembro de 2019) | I85: 0.0381 | J85: =ROUND($J$34*I85,2) -> 153.62
A86: Total | J86: =SUM(J80:J85) -> 185.15
A88: Módulo 4 - Custo de Reposição do Profissional Ausente
A89: Base de cálculo para o Custo de Reposição do Profissional Ausente (substituto): BCCPA = Rem + 13º + Férias + 1/3Férias | J89: =J92+J34+J39+J40 -> 4489.84
A91: 4.1 | B91: Ausências Legais | J91: Valor (R$)
A92: A | B92: Férias | I92: 0 | J92: =ROUND(($J$34*I92),2) -> 0
A93: B | B93: Ausências Legais Cálculo do valor = [(BCCPA/30)x2,96dias]/12 | J93: =ROUND((($J$89/30)*2.96)/12,2) -> 36.92
A94: C | B94: Licença-Paternidade Cálculo do valor = {[(BCCPA/30)x5dias]/12}x1,5% | J94: =ROUND((($J$89/30)*5)/12*0.015,2) -> 0.94
A95: D | B95: Ausência por acidente de trabalho Cálculo do valor = {[(BCCPA/30)x15dias]/12}x0,78% | J95: =ROUND(((($J$89/30)*15)/12)*0.0078,2) -> 1.46
A96: E | B96: Afastamento Maternidade Cálculo do valor = {[(Rem+1/3Rem)/12]x(4/12)}x2% | J96: =ROUND(((($J$34+$J$34/3)*4/12)/12)*0.02,2) -> 2.99
A97: F | B97: (Outros) Ausência por doença Cálculo do valor = [(BCCPA)/30)x5dias]/12 | J97: =ROUND(((($J$89/30)*5)/12),2) -> 62.36
A98: Total | J98: =SUM(J92:J97) -> 104.67
A99: G | B99: Incidência dos encargos do Submódulo 2.2 sobre o total do Submódulo 4.1 | J99: =ROUND(I55*J98,2) -> 38.52
A100: Total | J100: =SUM(J98:J99) -> 143.19
A101: Submódulo 4.2 – Intrajornada
A102: 4.2 | B102: Intrajornada | J102: Valor (R$)
A103: A | B103: Intervalo para repouso ou alimentação | J103: 0
A104: Total | J104: 0
A105: B | B105: Incidência dos encargos do Submódulo 2.2 sobre o total do Submódulo 4.2 | J105: =ROUND(I55*J104,2) -> 0
A106: Total | J106: =SUM(J104:J105) -> 0
A108: Quadro-Resumo do Módulo 4 – Custo de Reposição do Profissional Ausente
A109: 4 | B109: Custo de Reposição do Profissional Ausente | J109: Valor (R$)
A110: 4.1 | B110: Ausências Legais | J110: =J100 -> 143.19
A111: 4.2 | B111: Intrajornada | J111: =J106 -> 0
A112: Total | J112: =SUM(J110+J111) -> 143.19
...

Sheet INSUMOS - PF
G1: UNIFORMES
G2: Peças/Vestuário | H2: Unidade | I2: Total de empregados no Contrato | J2: Valor Unitário | K2: Custo anual
G3: Jaleco | H3: Unidade | I3: ='RESUMO - PF'!H5 -> 4 | J3: 29.9 | K3: =(I3*J3) -> 119.6
I4: ='RESUMO - PF'!H5 -> 4 | K4: =(I4*J4) -> 0
G5: Custo anual dos Uniformes | K5: =SUM(K3:K4) -> 119.6
G6: Custo mensal do Uniformes | K6: =ROUND(K5/12,2) -> 9.97
G7: Custo mensal do Uniformes por empregado | K7: =ROUND(K6/'RESUMO - PF'!H5,2) -> 2.49
G9: EPI´S
G10: Descrição | H10: Unidade | I10: Total de empregados no Contrato | J10: Valor Unitário | K10: Custo Anual
I11: ='RESUMO - PF'!H5 -> 4 | J11: 0 | K11: =(I11*J11) -> 0
I12: ='RESUMO - PF'!H5 -> 4 | J12: 0 | K12: =(I12*J12) -> 0
G13: Custo Anual dos EPIS | K13: =SUM(K11:K12) -> 0
G14: Custo Mensal dos EPIs | K14: =ROUND(K13/12,2) -> 0
G15: Valor mensal dos EPI'S por empregado | K15: =ROUND(K14/'RESUMO - PF'!H5,2) -> 0
G17: EQUIPAMENTOS
G18: Equipamentos | H18: Unidade | I18: Total de empregados no Contrato | J18: Valor Unitário | K18: Custo Anual
G19: Ponto biométrico homologado e registrado pelo Ministério do Trabalho e Emprego, bem como estar em atendimento à legislação vigente; | H19: Fração | I19: ='RESUMO - PF'!H5 -> 4 | J19: 1820.63 | K19: =J19/9*9 -> 1820.63
I20: ='RESUMO - PF'!H5 -> 4 | K20: 0
G21: Custo anual dos Equipamentos | K21: =SUM(K19:K20) -> 1820.63
G22: Custo Mensal dos Equipamentos (depreciação 20%/ano) | K22: =ROUND(K21/'RESUMO - PF'!G9,2) -> 30.34
G23: Valor mensal dos Equipamentos por empregado | K23: =ROUND(K22/'RESUMO - PF'!H5,2) -> 7.59

Sheet RESUMO - PF
A1: VALOR MENSAL DOS SERVIÇOS
A2: Item | B2: Tipo de serviço (A) | C2: Valor Proposto por Empregado (B) | D2: Qtde. de Empregados por Posto (C) | E2: Valor Proposto por Posto (D) = (B x C) | F2: Qtde. de Postos (E) | G2: Valor Total do Serviço (F) = (D x E) | H2: Total de empregados no Contrato
A3: 1 | B3: TRADUTOR/INTERPRETE DE LIBRAS - 20H/SEMANA | C3: ='TILS 20H - PF'!J154 -> 4502.13 | D3: 2 | E3: =C3*D3 -> 9004.26 | F3: 1 | G3: =E3*F3 -> 9004.26 | H3: =D3*F3 -> 2
A4: 2 | B4: TRADUTOR/INTERPRETE DE LIBRAS - 40H/SEMANA | C4: ='TILS 40H - PF'!J154 -> 8687.03 | D4: 2 | E4: =C4*D4 -> 17374.06 | F4: 1 | G4: =E4*F4 -> 17374.06 | H4: =D4*F4 -> 2
A5: Valor Mensal dos Serviços de mão de obra | G5: =SUM(G3:G4) -> 26378.32 | H5: =H3+H4 -> 4
A7: QUADRO DEMONSTRATIVO DO VALOR GLOBAL DA PROPOSTA
A8: G | B8: Valor mensal do serviço de mão de obra | G8: =G5 -> 26378.32
A9: H | B9: Número de meses do Contrato | G9: 60
A10: I (G x H) | B10: Valor Global do Proposta (Valor mensal do serviço x nº de meses do contrato). | G10: =G8*G9 -> 1582699.2

Sheet Plan1
C1: epp | D1: 1 | E1: 2 | F1: 3 | G1: 4 | H1: 5 | I1: 6 | J1: 7 | K1: total
B2: ALPHA SERVICOS DE LIMPEZA E APOIO ADMINISTRATIVO OPERACIONAL EIRELI | C2: SIM | D2: 68495.4 | E2: 63977.88 | F2: 48025.8 | G2: 42788.4 | H2: 47600 | I2: 84605.28 | J2: 88186.8 | K2: =SUM(D2:J2) -> 443679.56
B3: MERCOSERVICE PRESTACAO DE SERVICOS LTDA | C3: NÃO | D3: 57498.33 | E3: 57560.5 | F3: 48191.32 | G3: 48191.32 | H3: 50489.89 | I3: 94522.88 | J3: 98063.83 | K3: =SUM(D3:J3) -> 454518.07
B4: LIONS SERVICOS INTELIGENTES LTDA | C4: SIM | D4: 72079.44 | E4: 67699.08 | F4: 51190.32 | G4: 45837.36 | H4: 47541.6 | I4: 88967.04 | J4: 92695.92 | K4: =SUM(D4:J4) -> 466010.76
B5: GOLDEN CONSTRUCOES, CONSERVACAO E LIMPEZA URBANA LTDA | C5: NÃO | D5: 72010 | E5: 67800 | F5: 50999 | G5: 45900 | H5: 47600 | I5: 89100 | J5: 92700 | K5: =SUM(D5:J5) -> 466109
B7: ADSERVI - ADMINISTRADORA DE SERVICOS LTDA | C7: NÃO | D7: 72528 | K7: =SUM(D7:J7) -> 72528
K8: =SUM(D8:J8) -> 0
K9: =SUM(D9:J9) -> 0
K10: =SUM(D10:J10) -> 0
